 Dungeon Crawl Stone Soup version 0.29.1-15-g9cfb28693d (webtiles) character file.

Game seed: 5532742024342803934

8 protoss039 the Digger (level 2, 13/20 HPs)
             Began as a Demonspawn Earth Elementalist on Mar 24, 2023.
             Got out of the dungeon alive.
             The game lasted 00:00:19 (198 turns).

protoss039 the Digger (DsEE)                         Turns: 198, Time: 00:00:20

Health: 13/20      AC:  2    Str:  8    XL:     2   Next: 0%
Magic:  4/5        EV: 12    Int: 16    God:
Gold:   12         SH:  0    Dex: 13    Spells: 4/5 levels left

rFire   . . .      SeeInvis .   g - +0 hand axe
rCold   . . .      Faith    .   (no shield)
rNeg    . . .      Spirit   .   a - +0 robe
rPois   .          Reflect  .   (no helmet)
rElec   .          Harm     .   (no cloak)
rCorr   .          Rampage  .   (no gloves)
Will    .....                   (no boots)
Stlth   ++........              (no amulet)
HPRegen 0.06/turn               (no ring)
MPRegen 0.09/turn               (no ring)

@: no status effects
A: powered by pain 1
a: no special abilities


You escaped.
You visited 1 branch of the dungeon, and saw 1 of its levels.

You collected 12 gold pieces.

Inventory:

Hand Weapons
 g - a +0 hand axe (weapon)
Armour
 a - a +0 robe (worn)
Scrolls
 c - a scroll of teleportation {unknown}
 d - a scroll of enchant weapon {unknown}
 e - a scroll of amnesia {unknown}
 f - a scroll of identify {unknown}
Potions
 b - a potion of magic
 h - a potion of attraction {unknown}


   Skills:
 + Level 0.7 Fighting
 - Level 1.7 Dodging
 - Level 1.7 Stealth
 + Level 2.2 Spellcasting
 - Level 0.8 Transmutations
 + Level 2.9 Earth Magic


You had 4 spell levels left.
You knew the following spells:

 Your Spells              Type           Power      Damage    Failure   Level
a - Sandblast             Erth           22%        2d7       6%          1

Your spell library contained the following spells:

 Spells                   Type           Power      Damage    Failure   Level
 Passwall                 Tmut/Erth      5%         N/A       14%         2
 Stone Arrow              Conj/Erth      12%        3d7       32%         3
 Petrify                  Tmut/Erth      7%         N/A       67%         4


Dungeon Overview and Level Annotations

Branches:
Dungeon (1/15) Zot: 5796

Altars:

Shops:
D:1 (


Innate Abilities, Weirdness & Mutations

You sometimes gain a little power by taking damage.


Message History

Aim: a goblin, wielding a +0 club (asleep, 100% to hit)
The blast of sand hits the goblin!
You kill the goblin!
Unknown command.
A bat comes into view.
The bat hits you. The bat closely misses you.
You completely miss the bat. The bat misses you. The bat barely misses you.
The bat closely misses you.
You hit the bat.
The bat is moderately wounded.
The bat closely misses you. The bat hits you.
You hit the bat but do no damage.
The bat is moderately wounded.
The bat hits you but does no damage. The bat hits you.
You barely miss the bat.
The bat is moderately wounded.
The bat closely misses you.
You barely miss the bat. Your punch misses the bat.
The bat is moderately wounded.
The bat hits you. x3
You hit the bat.
The bat is severely wounded.
The bat closely misses you. x2; The bat hits you but does no damage.
Casting: Sandblast (safe; 6% risk of failure)
Confirm with . or Enter, or press ? or * to list all spells.
Aiming: Sandblast (safe; 6% risk of failure)
Press: ? - help, Shift-Dir - straight line, f - bat
Aim: a bat (severely wounded, 73% to hit)
The blast of sand hits the bat.
You kill the bat!
You have reached level 2!
Your demonic ancestry asserts itself...
You feel energised by your suffering.
Things that are here:
a +0 sling; a bat corpse
Things that are here:
a +0 club; a goblin corpse
There is a staircase leading out of the dungeon here.
Are you sure you want to leave the Dungeon?
This will make you lose the game!
You have escaped!

#....#.........#.#
#..##.............#
#............#.......
#.♣♣♣♣♣♣♣♣♣..#........#
# ♣PP..PP..♣....# .....
♣PP..P...♣..### #.##.
♣..PP...P♣..# #.##.
♣..P...PP♣..# #.##.
♣PP.@.P..♣..# #.##.
♣P...PP..♣..# #.##⌠
♣...P..PP♣..# #.##.
♣..PP..PP♣..# #.##⌠
..♣♣♣♣♣♣♣♣♣..# # #.##.
#.. ..........# #.#.##.
## ###.#####.###.#.##.
#........##......
####...†.####.##.


There were no monsters in sight!

Vanquished Creatures
  An endoplasm (D:1)
  A giant cockroach (D:1)
  A goblin (D:1)
  2 hobgoblins (D:1)
  A bat (D:1)
  A rat (D:1)
7 creatures vanquished.

Notes
Turn   | Place    | Note
-------+----------+-------------------------------------------
     0 | D:1      | protoss039 the Demonspawn Earth Elementalist began the
                  | quest for the Orb.
     0 | D:1      | Reached XP level 1. HP: 13/13 MP: 3/3
    78 | D:1      | Found Verph's Antique Weapon Emporium.
   180 | D:1      | Gained mutation: You sometimes gain a little power by
                  | taking damage. [demonic ancestry]
   180 | D:1      | Reached XP level 2. HP: 12/20 MP: 3/5
   198 | D:$      | Got out of the dungeon alive.

Illustrated notes

Levels and vault maps discovered:
D:1:      scummos_arrival_checkerplants, layout_basic, serial_curves,
          eino_curves_01, eino_curves_04, serial_shops, shop_fountains

Action                   || total
-------------------------++-------
Melee: Hand axe          ||     8
 Cast: Sandblast         ||     7
 Stab: Sleeping          ||     1
Armor: Robe              ||     2
Dodge: Dodged            ||     8
